 Dungeon Crawl Stone Soup version 0.30-b1-2-g02819fbbbe (webtiles) character file.

Game seed: 16813800909682814230

(classic levelgen) 23211 EnegeticOcto the Severer (level 12, -5/112 HPs)
             Began as a Minotaur Fighter on May 9, 2023.
             Was an Initiate of Gozag.
             Slain by an ettin
             ... wielding a +2 heavy dire flail
              (42 damage)
             ... on level 1 of the Orcish Mines.
             The game lasted 00:08:02 (13205 turns).

EnegeticOcto the Severer (Minotaur Fighter)        Turns: 13205, Time: 00:08:03

Health: -5/112     AC: 23    Str: 30    XL:     12   Next: 69%
Magic:  11/11      EV:  8    Int:  5    God:    Gozag
Gold:   2608       SH: 12    Dex: 16    Spells: 11/11 levels left

rFire   . . .        M - +6 hand axe
rCold   . . .        c - +0 buckler
rNeg    . . .        Q - +2 plate armour {Will+}
rPois   .            g - +2 hat
rElec   .            v - +0 cloak
rCorr   .            (no gloves)
SInv    +            k - +1 pair of boots of Transparent Curiosity {Contam Fly Dex+4 Stlth+}
Will    +....        t - amulet of reflection Stlth
                     G - +6 ring of strength
HPRegen 0.38/turn    i - ring of see invisible
MPRegen 0.12/turn

%: reflection
@: on berserk cooldown, flying, slowed, very slow
A: horns 2, retaliatory headbutt
a: Renounce Religion, Potion Petition, Call Merchant, Bribe Branch


You were on level 1 of the Orcish Mines.
You worshipped Gozag.
Gozag was most pleased with you.
You visited 3 branches of the dungeon, and saw 14 of its levels.
You also visited: Sewer, Ossuary and Bailey.

You collected 3013 gold pieces.
You paid 405 gold pieces to Gozag.

Inventory:

Hand Weapons
 a - a +0 war axe
 M - a +6 hand axe (weapon)
   (You took it off a wight on level 6 of the Dungeon)
Armour
 c - a +0 buckler (worn)
 g - a +2 hat (worn)
   (You found it on level 1 of the Dungeon)
 j - a scarf of repulsion
   (You found it on level 2 of the Dungeon)
 k - the +1 pair of boots of Transparent Curiosity (worn) {Contam Fly Dex+4 Stlth+}
   (You acquired it on level 3 of the Dungeon)

   Dex:       It affects your dexterity (+4).
   Fly:       It grants you flight.
   Contam:    It causes magical contamination when unequipped.
   Stlth:     It makes you more stealthy.
 v - a +0 cloak (worn)
   (You took it off Crazy Yiuf on level 2 of the Dungeon)
 Q - a +2 plate armour of willpower (worn)
   (You found it on level 9 of the Dungeon)
Jewellery
 i - a ring of see invisible (right hand)
   (You found it on level 1 of the Dungeon)
 m - a ring of willpower
   (You found it on level 2 of the Dungeon)
 t - an amulet of reflection (around neck)
   (You found it on level 2 of the Dungeon)
 A - a ring of resist corrosion
   (You found it on level 5 of the Dungeon)
 C - a ring of protection from fire
   (You found it on level 5 of the Dungeon)
 G - a +6 ring of strength (left hand)
   (You found it on level 8 of the Dungeon)
 P - a ring of ice
   (You found it on level 9 of the Dungeon)
Wands
 n - a wand of paralysis (9)
   (You found it on level 3 of the Dungeon)
 q - a wand of iceblast (4) {@v2}
   (You took it off a centaur on level 9 of the Dungeon)
 u - a wand of quicksilver (6) {@v1}
   (You took it off Crazy Yiuf on level 2 of the Dungeon)
 B - a wand of flame (41) {@v4}
   (You took it off Ijyb on level 4 of the Dungeon)
 L - a wand of polymorph (10)
   (You found it on level 6 of the Dungeon)
Scrolls
 b - 2 scrolls of fear
 w - 7 scrolls of teleportation {@r3}
 E - 4 scrolls of vulnerability
 F - 2 scrolls of blinking {@r4}
 H - a scroll of magic mapping {@r5}
 J - 4 scrolls of fog
 O - 2 scrolls of enchant weapon
 R - a scroll of enchant armour {unknown}
 T - a scroll of brand weapon
 U - a scroll of identify {@r1}
Potions
 d - 2 potions of might {@q3}
 e - 2 potions of brilliance
 f - 6 potions of invisibility
 h - 3 potions of haste {@q4}
 l - 8 potions of heal wounds {@q2}
 o - 3 potions of degeneration
 p - 5 potions of flight
 r - 3 potions of curing {@q1}
 s - a potion of lignification
 x - 2 potions of mutation
 z - 3 potions of ambrosia
 D - a potion of resistance {@q5}
 K - 5 potions of attraction
 N - a potion of berserk rage
Miscellaneous
 S - a box of beasts (inert)
   (You found it in a bailey)
 V - a lightning rod (4/4)
   (You found it on level 12 of the Dungeon)


   Skills:
 + Level 12.2 Fighting
 * Level 16.2 Axes
 + Level 12.1 Armour
 + Level 12.1 Shields


You had 11 spell levels left.
You didn't know any spells.
Your spell library was empty.

Dungeon Overview and Level Annotations

Branches:
Dungeon (12/15)            Temple (1/1) D:6            Lair (0/5) D:11
    Orc (1/2) D:10          Sewer (visited)         Ossuary (visited)
 Bailey (visited)

Altars:
Ashenzari
Cheibriados
Dithmenos
Elyvilon
Fedhas
Gozag
Hepliaklqana
Kikubaaqudgha
Makhleb
Nemelex Xobeh
Okawaru
Qazlal
Ru
Sif Muna
Trog
Uskayaw
Vehumet
Wu Jian
Xom
Yredelemnul
Zin
The Shining One

Shops:
D:5 [   D:7 *


Innate Abilities, Weirdness & Mutations

You have a pair of horns on your head.
You reflexively headbutt those who attack you in melee.


Message History

The orc is distracted by your dazzling golden aura.
The orc knight roars a battlecry!
The orcs go into a battle-frenzy!
The orc is distracted by your dazzling golden aura.
The orc priest calls upon Beogh to heal the orc knight.
The orc knight is healed somewhat.
The orc shouts! x2
You slash the orc knight!
You kill the orc knight!
The warg is distracted by your dazzling golden aura.
The orc warrior is no longer distracted by gold.
The orc is no longer distracted by gold.
The ettin is distracted by your dazzling golden aura.
You block the orc priest's attack.
The orc is distracted by your dazzling golden aura. x2
Items here: ! $ )) / = [[.
The ettin shouts in stereo!
The orc shouts!
The warg howls!
You slash the orc priest!
You kill the orc priest!
You slash the orc warrior! You barely miss the orc warrior.
The orc warrior is moderately wounded.
The warg is no longer distracted by gold.
The orc no longer looks unusually strong.
The orc warrior hits you with a +0 hand axe.
You closely miss the orc warrior.
The orc warrior is moderately wounded.
The warg is distracted by your dazzling golden aura.
You closely miss the orc warrior.
The orc warrior is moderately wounded.
The warg howls!
You hit the orc warrior. Your headbutt misses the orc warrior.
The orc warrior is heavily wounded.
The orc is no longer distracted by gold.
The warg is no longer distracted by gold.
The orc warrior is distracted by your dazzling golden aura.
You barely miss the orc warrior.
The orc warrior is no longer distracted by gold.
The orc warrior shouts!
The orc warrior is heavily wounded.
You slash the orc warrior!
You kill the orc warrior!
You slash the warg! Your headbutt misses the warg.
The warg is heavily wounded.
The orc is no longer distracted by gold. x2
You slice the warg!!
You kill the warg!
The ettin is no longer distracted by gold.
The ettin is distracted by your dazzling golden aura.
The orc is distracted by your dazzling golden aura. x2
Items here: $ ))) [[.
The ettin shouts in stereo!
The orc shouts! x2
You slash the orc!
You kill the orc!
You slash the orc!
You kill the orc!
You are no longer berserk.
You are exhausted.
You feel yourself slow down. The orc hits you but does no damage.
Things that are here:
35 gold pieces; a +0 hand axe; a +0 leather armour You slash the orc!
You kill the orc!
The ettin is no longer distracted by gold.
You closely miss the orc. You headbutt the orc.
The orc is severely wounded.
You block the orc's attack.
You barely miss the orc. You headbutt the orc.
You kill the orc!
The ettin is distracted by your dazzling golden aura.
Items here: $ )) [.
You catch the helpless ettin completely off-guard!
You hit the ettin.
The ettin is no longer distracted by gold.
The ettin is lightly wounded.
The ettin is distracted by your dazzling golden aura.
You barely miss the ettin.
The ettin is no longer distracted by gold.
The ettin shouts in stereo!
The ettin hits you with a +2 heavy dire flail!!
The ettin closely misses you.
You are too injured to fight recklessly!
You are too injured to fight recklessly!
You are too injured to fight recklessly!
You are too injured to fight recklessly!
You are too injured to fight recklessly!
You are too injured to fight recklessly!
You are too injured to fight recklessly!
You are too injured to fight recklessly!
You are too injured to fight recklessly!
You are too injured to fight recklessly!
You hit the ettin. Your headbutt misses the ettin.
The ettin is lightly wounded.
You open the lid... ...and a larval batweird beast flies out!
The box is emptied!
You block the ettin's attack. The ettin barely misses you.
Your larval batweird beast hits the ettin but does no damage.
The ettin hits you with a +2 heavy dire flail!!!
You die...
Your body crumbles into a pile of gold.

.................
.................
.................
#.#........$.....
##......#......>.
#......#.$...#...
#.....$#.........
#......$H........
#..#.#.$@C$......
.......$.$......
.#......$.......
......#...##....
.##.....$..$#....
##........##... $
#....#......##
##..#........#
#..........##


You could see an ettin (ally target) and a friendly larval batweird beast
(summoned).

Vanquished Creatures
  Josephine (D:11)
  Erica (Orc:1)
  A two-headed ogre (D:10)
  4 boulder beetles
  A tengu warrior (D:9)
  2 orc knights
  A wolf spider (shapeshifter) (D:9)
  An orc sorcerer (Orc:1)
  An oklob plant (D:11)
  A cyclops (D:9)
  Maurice (Orc:1)
  Maggie (D:7)
  2 gargoyles (D:12)
  2 kobold demonologists (D:10)
  A komodo dragon (D:11)
  An unseen horror (D:12)
  A freezing wraith (D:9)
  5 trolls
  A hornet (D:8)
  Grinder (D:3)
  A vampire (D:12)
  A wyvern (D:8)
  8 yaks
  6 wraiths
  4 shadows
  A steam dragon (D:9)
  13 vampire mosquitoes
  3 swamp worms (D:12)
  A warg (Orc:1)
  2 acid dragons
  A water moccasin (D:9)
  A floating eye (shapeshifter) (D:9)
  3 ice beasts (D:6)
  15 orc warriors
  2 sky beasts
  3 ogres
  8 centaurs
  A phantom (D:6)
  12 kobold brigands
  2 bullfrogs (D:6)
  2 gnoll sergeants (D:9)
  2 scorpions
  13 wights
  A vampire bat (D:10)
  An electric eel (D:12)
  5 centaur zombies (Ossuary)
  6 howler monkeys
  2 jellies
  A crimson imp (D:8)
  Crazy Yiuf (D:2)
  4 hounds
  6 orc priests
  A sleepcap (D:7)
  Ijyb (D:4)
  4 iguanas
  12 orc wizards
  Natasha (thrice) (D:3)
  5 mummies (Ossuary)
  Robin (D:3)
  11 gnolls
  8 adders
  4 river rats (Sewer)
  A shadow imp (D:6)
  A white imp (D:5)
  2 ufetubi (D:4)
  4 worms
  3 dart slugs (D:1)
  42 orcs
  10 ball pythons
  5 bat skeletons (D:10)
  A bat zombie (D:10)
  8 endoplasms
  5 giant cockroaches
  22 goblins
  8 hobgoblins
  7 quokkas
  7 bats
  5 frilled lizards
  3 hobgoblin zombies (Ossuary)
  55 kobolds
  22 rats
423 creatures vanquished.

Vanquished Creatures (others)
  21 plants
21 creatures vanquished.

Grand Total: 444 creatures vanquished

Notes
Turn   | Place    | Note
-------+----------+-------------------------------------------
     0 | D:1      | EnegeticOcto the Minotaur Fighter began the quest for the
                  | Orb.
     0 | D:1      | Reached XP level 1. HP: 19/19 MP: 0/0
   100 | D:1      | Reached XP level 2. HP: 27/27 MP: 1/1
   433 | D:1      | Reached skill level 3 in Axes
   753 | D:1      | Reached XP level 3. HP: 33/33 MP: 2/2
   813 | D:2      | Found a faded altar of an unknown god.
  1665 | D:2      | Found a runed translucent door.
  1666 | D:2      | Noticed Crazy Yiuf
  1735 | D:2      | Killed Crazy Yiuf
  1736 | D:2      | Reached skill level 4 in Axes
  1736 | D:2      | Reached XP level 4. HP: 11/40 MP: 3/3
  1965 | D:3      | Noticed Robin
  1971 | D:3      | Killed Robin
  1971 | D:3      | Noticed Grinder
  2004 | D:3      | Killed Grinder
  2005 | D:3      | Reached skill level 5 in Axes
  2005 | D:3      | Reached skill level 5 in Shields
  2005 | D:3      | Reached XP level 5. HP: 35/47 MP: 4/4
  2005 | D:3      | Reached XP level 6. HP: 41/55 MP: 5/5
  2052 | D:3      | Reached skill level 5 in Fighting
  2063 | D:3      | Reached skill level 5 in Armour
  2326 | D:3      | Noticed Natasha
  2330 | D:3      | Killed Natasha
  2483 | D:3      | Noticed Natasha
  2489 | D:3      | Killed Natasha
  2503 | D:3      | Noticed Natasha
  2516 | D:3      | Killed Natasha
  2593 | D:3      | Found a bloodstained altar of Trog.
  2681 | D:3      | Identified a scroll of acquirement
  2681 | D:3      | Acquired the +1 pair of boots of Transparent Curiosity
                  | {Contam Fly Dex+4 Stlth+}
  2746 | D:4      | Reached skill level 6 in Axes
  2844 | D:4      | Identified the +0 robe of Guerynal {Regen+ Int+5}
  3100 | D:4      | Noticed Ijyb
  3103 | D:4      | Reached XP level 7. HP: 60/61 MP: 6/6
  3111 | D:4      | Killed Ijyb
  3221 | D:5      | Entered Level 5 of the Dungeon
  3521 | D:5      | Found a glowing drain.
  3537 | Sewer    | Entered a sewer
  4063 | D:5      | Found Idyemmyucle's Antique Armour Shoppe.
  4269 | D:6      | Noticed a vampire mosquito
  4270 | D:6      | Noticed a vampire mosquito
  4270 | D:6      | Noticed a vampire mosquito
  4279 | D:6      | Reached skill level 7 in Axes
  4281 | D:6      | Killed a vampire mosquito
  4282 | D:6      | Killed a vampire mosquito
  4283 | D:6      | Reached XP level 8. HP: 38/70 MP: 7/7
  4291 | D:6      | Reached skill level 8 in Axes
  4702 | D:6      | Found a sand-covered staircase.
  4707 | Ossuary  | Entered an ossuary
  4887 | D:6      | Reached skill level 9 in Axes
  4933 | D:6      | Found a staircase to the Ecumenical Temple.
  4994 | D:6      | Reached XP level 9. HP: 56/79 MP: 8/8
  5368 | D:6      | Reached skill level 10 in Axes
  5656 | Temple   | Entered the Ecumenical Temple
  5897 | Temple   | Became a worshipper of Gozag Ym Sagoz the Greedy
  5976 | D:7      | Found Osihiw's General Store.
  6011 | D:7      | Found a hide-covered altar of Uskayaw.
  6067 | D:7      | Found a stormy altar of Qazlal.
  6110 | D:7      | Noticed Maggie
  6117 | D:7      | Killed Maggie
  6476 | D:7      | Reached skill level 11 in Axes
  6857 | D:8      | Reached XP level 10. HP: 90/90 MP: 9/9
  7005 | D:8      | Found an iron altar of Okawaru.
  7106 | D:8      | Paralysed by a hornet for 3 turns
  7331 | D:8      | Found a blossoming altar of Fedhas.
  7408 | D:8      | Found a hazy altar of Hepliaklqana.
  7477 | D:8      | Found a radiant altar of Vehumet.
  7478 | D:8      | Found a burning altar of Makhleb.
  8236 | D:9      | Reached skill level 12 in Axes
  8242 | D:9      | Noticed a cyclops
  8254 | D:9      | Killed a cyclops
  8425 | D:9      | Identified the +4 hand axe of Dawn {flame, rF++ Dex-4}
  8694 | D:9      | Noticed a wolf spider
  8712 | D:9      | Killed a wolf spider
  8717 | D:9      | Paralysed by a floating eye for 4 turns
  8718 | D:9      | Noticed a tengu warrior
  8739 | D:9      | Killed a tengu warrior
  9041 | D:9      | Reached skill level 13 in Axes
  9048 | D:9      | Reached XP level 11. HP: 95/99 MP: 10/10
  9165 | D:9      | Reached skill level 10 in Fighting
  9298 | D:10     | Entered Level 10 of the Dungeon
  9304 | D:10     | Noticed a two-headed ogre
  9312 | D:10     | Killed a two-headed ogre
  9313 | D:10     | Reached skill level 10 in Armour
  9313 | D:10     | Reached skill level 10 in Shields
  9355 | D:10     | Found a flagged portal.
  9373 | Bailey   | Entered a bailey
  9489 | Bailey   | Noticed an orc knight
  9509 | Bailey   | Killed an orc knight
  9510 | Bailey   | Found a bloodstained altar of Trog.
  9832 | D:10     | Found a staircase to the Orcish Mines.
  9864 | D:10     | Found an ancient bone altar of Kikubaaqudgha.
  9909 | D:10     | Reached skill level 14 in Axes
  9980 | D:10     | Noticed a soul eater
 10462 | D:11     | Noticed a boulder beetle
 10482 | D:11     | Noticed an oklob plant
 10496 | D:11     | Found a staircase to the Lair.
 10504 | D:11     | Killed a boulder beetle
 10566 | D:11     | Killed an oklob plant
 11140 | D:11     | Found a radiant altar of Vehumet.
 11141 | D:11     | Noticed Josephine
 11155 | D:11     | Reached XP level 12. HP: 78/106 MP: 11/11
 11160 | D:11     | Killed Josephine
 11161 | D:11     | Reached skill level 15 in Axes
 11607 | D:12     | Noticed a boulder beetle
 11624 | D:12     | Killed a boulder beetle
 11803 | D:12     | Noticed a boulder beetle
 11831 | D:12     | Killed a boulder beetle
 12161 | D:12     | Noticed a boulder beetle
 12232 | D:12     | Killed a boulder beetle
 12979 | Orc:1    | Entered Level 1 of the Orcish Mines
 12982 | Orc:1    | Noticed Erica
 13014 | Orc:1    | Killed Erica
 13151 | Orc:1    | Noticed Maurice
 13167 | Orc:1    | Noticed an ettin
 13169 | Orc:1    | Killed Maurice
 13170 | Orc:1    | Reached skill level 16 in Axes
 13205 | Orc:1    | Slain by an ettin

Illustrated notes

Levels and vault maps discovered:
D:1:      minmay_arrival_solitary_statue, layout_loops_corners
D:2:      layout_basic, shapermc_ecumenical_altar_venn, minmay_misc_feat_cross,
          roderic_lattice_a, grunt_ministairs_15, minmay_tetromino_i2,
          uniq_crazy_yiuf_cottage
D:3:      layout_loops_ring, mainiacjoe_overflow_alcove_1,
          kennysheep_generic_room_6, uniq_robin, uniq_grinder, uniq_natasha
D:4:      layout_rooms, uniq_ijyb
D:5:      layout_gridville, cheibrodos_sewer_entry_drain, serial_shops,
          shop_statue
D:6:      layout_loops_ring, minmay_temple_entry_fiery,
          nicolae_ossuary_entry_false_entrances, chequers_decorated_corner,
          centaur_isle
D:7:      layout_basic, grunt_temple_overflow_open, serial_shops,
          nicolae_shop_window_shopping, lemuel_flamethrower_1, uniq_maggie
D:8:      layout_layer_cave, grunt_temple_overflow_lords_of_destruction,
          nicolae_hepliaklqana_hippocampus, okawaru_altar_gauntlet_db,
          lemuel_tele_altar, chequers_serial_rivers_micro_a
D:9:      minmay_tri_box, layout_cave_pools
D:10:     layout_big_octagon, kennysheep_vampire_church, enter_bailey_4,
          kennysheep_dice
D:11:     layout_irregular_city, dpeg_oklobed_lair, nicolae_vehumet_altar_sigil,
          uniq_josephine
D:12:     layout_grid_maze, serial_bayou_ford_a, st_stairs_1, worms_lemuel
Temple:   oiseaux_autumnal_temple
Orc:1:    layout_caves, basic_altar, nicolae_alphabet_shops, uniq_gastronok,
          uniq_maurice, uniq_erica

Skill      XL: |  1  2  3  4  5  6  7  8  9 10 11 12 |
---------------+-------------------------------------+-----
Axes           | 3 4 5 6 7 9 11 13 14 16 | 16.2
Fighting       | 4 5 6 7 8 9 11 12 | 12.2
Armour         | 4 5 6 7 8 9 11 12 | 12.1
Shields        | 4 5 6 7 8 9 11 12 | 12.1

Action                     |  1- 3 |  4- 6 |  7- 9 | 10-12 || total
---------------------------+-------+-------+-------+-------++-------
  Melee: War axe           |    98 |   111 |   222 |       ||   431
         Headbutt          |    12 |    12 |    58 |   159 ||   241
         Hand axe          |       |       |    75 |   609 ||   684
 Invoke: Potion Petition   |       |       |       |     1 ||     1
  Evoke: Wand              |       |       |       |     1 ||     1
         Box of beasts     |       |       |       |     1 ||     1
    Use: Scroll            |       |    11 |    12 |     6 ||    29
         Potion            |       |       |       |     1 ||     1
   Stab: Distracted        |       |       |       |     3 ||     3
 Armour: Scale mail        |    53 |    28 |       |       ||    81
         Chain mail        |       |     6 |   202 |    25 ||   233
         Plate armour      |       |       |       |   159 ||   159
  Dodge: Dodged            |    49 |    40 |   100 |   109 ||   298
  Block: Buckler           |    23 |    69 |   192 |   253 ||   537
         Reflection        |       |     2 |    18 |    25 ||    45
